 Dungeon Crawl Stone Soup version 0.28-a0-381-g937acc2988 (webtiles) character file.

Game seed: 9775521937484098757

115633 octoduck the Warrior (level 16, -6/243 HPs)
             Began as a Gargoyle Ice Elementalist on Aug 30, 2021.
             Was a High Priest of Sif Muna.
             Mangled by a seven-headed hydra (13 damage)
             ... called by a spriggan druid
             ... on level 2 of the Lair of Beasts on Sept 1, 2021.
             The game lasted 02:31:57 (42257 turns).

octoduck the Warrior (Gargoyle Ice Elementalist)   Turns: 42257, Time: 02:31:58

Health: -6/243     AC: 39    Str: 13 (15) XL:     16   Next: 69%
Magic:  2/24       EV:  2    Int: 26      God:    Sif Muna [*****.]
Gold:   3283       SH:  6    Dex: 15 (16) Spells: 5/26 levels left

rFire   . . .      SeeInvis .   c - +5 whip (elec)
rCold   . . .      Faith    +   f - +0 buckler
rNeg    + + +      Spirit   .   (armour currently unavailable)
rPois   ∞          Reflect  .   (helmet currently unavailable)
rElec   .          Harm     .   (cloak currently unavailable)
rCorr   .          Rampage  .   (gloves currently unavailable)
Will    +....      NoTele   +   (boots currently unavailable)
Stlth   ..........              t - amulet of faith
HPRegen 0.50/turn               C - +6 ring of dexterity
MPRegen 0.19/turn               K - ring "Edghoumio" {EV+4 Str+4 Int+2 Stlth+}

@: berserking, ice-armoured, tree-form, unable to read, very quick
A: stationary, stasis, torment immunity, boosted hp, sickness immunity, AC +12,
(big wings), negative energy resistance 1, (electricity resistance), torment
resistance 1, petrification resistance, deterioration 1, inability to read while
threatened
a: Renounce Religion, Channel Magic, Forget Spell, Divine Exegesis


You were on level 2 of the Lair of Beasts.
You worshipped Sif Muna.
Sif Muna was extremely pleased with you.
You were a tree.
You visited 5 branches of the dungeon, and saw 25 of its levels.
You also visited: Gauntlet and Volcano.

You collected 4086 gold pieces.
You spent 803 gold pieces at shops.

Inventory:

Hand Weapons
 c - a +5 whip of electrocution (weapon)
 I - the +5 quarterstaff of the Original Sin {flame, +Rage Will++ Dex+5}
   (You took it off a minotaur in a Gauntlet)

   It burns those it strikes, dealing additional fire damage.
   Dex:       It affects your dexterity (+5).
   +Rage:     It lets you go berserk.
   Will:      It greatly increases your willpower.
Armour
 f - a +0 buckler (worn)
 v - a +1 helmet of intelligence (melded)
 F - a scarf of resistance (melded)
 N - a +0 pair of boots (melded)
 O - a +3 scale mail of fire resistance (melded)
 Y - a +3 leather armour of willpower
Jewellery
 b - a +4 ring of protection
 d - a ring of fire
 l - an amulet of the acrobat
 o - a ring of resist corrosion
 q - a ring of see invisible
 t - an amulet of faith (around neck)
 w - a ring of wizardry
 A - the ring "Hodees" {Fly Dex+2 SInv}
   (You took it off a kobold brigand on level 9 of the Dungeon)

   [ring of see invisible]

   Dex:       It affects your dexterity (+2).
   SInv:      It lets you see invisible.
   Fly:       It grants you flight.
 C - a +6 ring of dexterity (left branch)
 K - the ring "Edghoumio" (right branch) {EV+4 Str+4 Int+2 Stlth+}
   (You found it in a Gauntlet)

   [ring of evasion]

   EV:        It affects your evasion (+4).
   Str:       It affects your strength (+4).
   Int:       It affects your intelligence (+2).
   Stlth:     It makes you more stealthy.
Wands
 h - a wand of iceblast (28)
 j - a wand of paralysis (31)
 m - a wand of polymorph (5)
 p - a wand of flame (72)
 r - a wand of acid (34)
 y - a wand of charming (8)
 J - a wand of mindburst (9)
 L - a wand of digging (18)
Scrolls
 e - 9 scrolls of identify
 n - 9 scrolls of teleportation
 s - 6 scrolls of fear
 x - a scroll of silence
 z - 3 scrolls of magic mapping
 B - 3 scrolls of enchant weapon
 H - 3 scrolls of enchant armour
 U - 3 scrolls of amnesia
 V - 6 scrolls of fog
Potions
 a - a potion of might
 g - a potion of resistance
 i - a potion of cancellation
 k - 3 potions of haste
 u - 3 potions of magic
 D - 7 potions of curing
 G - a potion of berserk rage
 W - 3 potions of brilliance
Miscellaneous
 S - a piece from Xom's chessboard (15/15)


   Skills:
 + Level 15.4 Fighting
 - Level 8.3 Armour
 - Level 6.3 Dodging
 - Level 2.1 Stealth
 - Level 6.1 Shields
 * Level 5.8 Spellcasting
 - Level 13.7 Conjurations
 - Level 7.5 Hexes
 - Level 14.8 Ice Magic
 - Level 7.4 Invocations


You had 5 spell levels left.
You knew the following spells:

 Your Spells              Type           Power      Damage    Failure   Level
a - Iskenderun's Battles  Conj           68%        2d12      1%          5
b - Searing Ray           Conj           100%       3d7       1%          2
c - Ozocubu's Armour      Ice            71%        N/A       1%          3
d - Hailstorm             Conj/Ice       69%        3d14      1%          4
e - Frozen Ramparts       Ice            100%       1d12      1%          3
f - Fulminant Prism       Conj/Hex       29%        3d14      1%          4

Your spell library contained the following spells:

 Spells                   Type           Power      Damage    Failure   Level
 Freeze                   Ice            100%       1d11      0%          1
 Foxfire                  Conj/Fire      100%       2x1d9     1%          1
 Magic Dart               Conj           100%       1d8       1%          1
 Shock                    Conj/Air       100%       1d9       1%          1
 Static Discharge         Conj/Air       43%        N/A       1%          2
 Conjure Flame            Conj/Fire      43%        6-21      1%          3
 Stone Arrow              Conj/Erth      86%        3d12      1%          3
 Mephitic Cloud           Conj/Pois/Air  31%        N/A       3%          3
 Summon Ice Beast         Ice/Summ       46%        N/A       3%          4
 Portal Projectile        Hex/Tloc       54%        N/A       4%          3
 Iskenderun's Mystic Bla  Conj/Tloc      43%        2d10      4%          4
 Sticky Flame             Conj/Fire      43%        2d6       4%          4
 Sting                    Tmut/Pois      28%        1d4       7%          1
 Summon Small Mammal      Summ           28%        N/A       7%          1
 Blink                    Tloc           N/A        N/A       11%         2
 Call Imp                 Summ           7%         N/A       11%         2
 Poisonous Vapours        Pois/Air       14%        N/A       11%         2
 Wereblood                Tmut           7%         N/A       11%         2
 Ignite Poison            Fire/Tmut/Pois 7%         N/A       22%         3
 Lesser Beckoning         Tloc           7%         N/A       22%         3
 Teleport Other           Tloc           7%         N/A       22%         3
 Vampiric Draining        Necr           3%         2d6       22%         3
 Bolt of Magma            Conj/Fire/Erth 15%        4d9       30%         5
 Silence                  Hex/Air        13%        N/A       38%         5
 Animate Armour           Summ/Erth      14%        N/A       56%         4
 Animate Dead             Necr           3%         N/A       56%         4
 Olgreb's Toxic Radiance  Pois           7%         N/A       56%         4
 Passage of Golubria      Tloc           N/A        N/A       56%         4
 Blade Hands              Tmut           3%         N/A       89%         5
 Lee's Rapid Deconstruct  Erth           3%         3d6*      89%         5
 Manifold Assault         Tloc           7%         N/A       89%         5
 Simulacrum               Ice/Necr       23%        N/A       45%         6
 Summon Hydra             Summ           3%         N/A       100%        7
 Lehudib's Crystal Spear  Conj/Erth      21%        10d6      100%        8
 Sublimation of Blood     Necr           Unusable   N/A       N/A         2

Dungeon Overview and Level Annotations

Branches:
Dungeon (14/15)            Temple (1/1) D:7            Lair (6/6) D:11
  Swamp (2/4) Lair:2        Snake (0/4) Lair:2        Slime (0/5) Lair:6
    Orc (2/2) D:12            Elf (0/3) Orc:2        Vaults (0/5) D:13
Volcano (visited)         Gauntlet (visited)

Altars:
Dithmenos
Elyvilon
Fedhas
Hepliaklqana
Kikubaaqudgha
Makhleb
Okawaru
Sif Muna
Xom
Yredelemnul
Zin
The Shining One
Beogh
Jiyva

Shops:
D:3 :   D:8 (   D:9 [   D:10 :   D:13 =   Orc:2 [=(:

Portals:
Trove: D:12 (show abyssal rune of Zot)

Annotations:
D:14 Louise


Innate Abilities, Weirdness & Mutations

You are a tree.
Your roots penetrate the ground, keeping you stationary.
You cannot be teleported.
You are immune to unholy pain and torment.
Your maximum health is greatly increased.
Your equipment is partially melded.
You are immune to sickness and miasma.
((Your stone body is resilient. (AC +12)))
You are immune to poison.
((Your large and strong wings let you fly.))
You resist negative energy. (rN+)
((You are resistant to electric shocks. (rElec)))
You are resistant to unholy torment.
You are immune to petrification.
Your body sometimes deteriorates upon taking damage.
You sometimes lose the ability to read scrolls when taking damage.


Message History

You block the seven-headed hydra's attack.
The seven-headed hydra bites you but does no damage.
The seven-headed hydra bites you.
* * * LOW HITPOINT WARNING * * *
The seven-headed hydra bites you.
* * * LOW HITPOINT WARNING * * *
The seven-headed hydra bites you!
* * * LOW HITPOINT WARNING * * *
You feel much better.
The seven-headed hydra bites you but does no damage. x3
You block the seven-headed hydra's attack. x2
The seven-headed hydra bites you but does no damage.
The seven-headed hydra bites you!
* * * LOW HITPOINT WARNING * * *
Casting: Searing Ray (safe; 1% risk of failure)
Confirm with . or Enter, or press ? or * to list all spells.
Aiming: Searing Ray (safe; 1% risk of failure)
Press: ? - help, Shift-Dir - straight line The searing ray hits the seven-headed hydra!
The seven-headed hydra is severely wounded. (Press . to maintain the ray.)
Your battlesphere fires!
The barrage of energy hits the seven-headed hydra!!
The seven-headed hydra is almost dead.
You block the seven-headed hydra's attack.
The seven-headed hydra bites you but does no damage. x2
The seven-headed hydra bites you.
* * * LOW HITPOINT WARNING * * *
The seven-headed hydra bites you!!
* * * LOW HITPOINT WARNING * * *
Your body deteriorates!
You feel weakened.
The seven-headed hydra bites you but does no damage.
The seven-headed hydra bites you.
* * * LOW HITPOINT WARNING * * *
A red film seems to cover your vision as you go berserk!
You feel yourself moving faster!
You feel mighty!
You block the seven-headed hydra's attack.
The seven-headed hydra bites you but does no damage.
The seven-headed hydra bites you!
You die...

#...........## ##.....##
#+..P..##..## #......#
............# #.....##
...........♣# #......#
........♣♣♣♣ #......#
...♣♣♣♣♣♣♣♣♣♣♣♣♣♣♣♣♣....#
.♣♣♣≈≈≈≈♣♣≈≈≈♣≈♣≈≈§♣♣..P#
⌠.......♣...♣...D§§♣♣..##
⌠.........♣.....♣.§♣♣..#
.♣♣♣≈≈≈≈≈≈≈≈≈≈*≈§≈≈♣♣..##
...♣♣♣♣♣♣♣♣♣♣♣♣♣♣♣♣♣....##
#.......♣♣♣♣♣♣♣♣..#.....P#
#..........#...........###
#.................#....##
#...[......######.#.....#
#.....#######..........##
......))....##.........#


You could see a seven-headed hydra (strong, ally target) and a friendly
battlesphere.

Vanquished Creatures
  The ghost of Timpunn the Zephyrmancer, a journeyman PaAE of the Shining One (Swamp:1)
  An orc warlord (Orc:1)
  A minotaur (Gauntlet)
  2 eleionomae (Swamp:1)
  A fire dragon (Volcano)
  A vault guard (D:13)
  13 hydras
  3 boulder beetles
  2 catoblepae (Lair:5)
  A ghost crab (Swamp:1)
  3 centaur warriors (D:13)
  3 two-headed ogres
  A death scarab (Swamp:2)
  An alligator (Swamp:1)
  Urug (Lair:6)
  7 death yaks
  5 sun demons (Volcano)
  5 orc high priests
  3 skeletal warriors (D:13)
  A bunyip zombie (Swamp:2)
  4 goliath frogs (Swamp:1)
  2 death drakes
  A swamp dragon (Swamp:1)
  8 bog bodies
  2 spriggan druids
  2 wizards (D:13)
  A deep elf pyromancer (D:11)
  7 orc knights
  A harpy (shapeshifter) (D:13)
  2 wolf spider zombies (Gauntlet)
  2 necromancers (D:13)
  9 orc sorcerers
  11 ugly things
  8 elephants
  A cyclops (D:11)
  3 manticores
  3 will-o-the-wisps (Swamp:2)
  5 black mambas
  A guardian serpent (D:13)
  Joseph (D:8)
  2 gargoyles
  14 cane toads
  11 komodo dragons
  3 rime drakes
  An ice devil (Gauntlet)
  A bloated husk (Swamp:1)
  3 tyrant leeches
  6 polar bears
  5 trolls
  2 dream sheep
  18 blink frogs
  6 hornets
  2 raiju (Gauntlet)
  A meliai zombie (D:11)
  14 spriggans
  A shadow (D:13)
  7 wyverns
  51 yaks
  A vampire (D:11)
  19 humans (D:13)
  2 basilisks
  4 steam dragons
  6 vampire mosquitoes
  A warg (Orc:2)
  9 swamp worms
  4 nagas (Lair:2)
  An acid dragon (D:11)
  14 water moccasins
  3 hell hounds (Volcano)
  A sky beast (D:6)
  36 orc warriors
  4 black bears
  A hornet zombie (Swamp:2)
  3 boggarts (Lair:6)
  A swamp dragon skeleton (Swamp:2)
  4 ogres
  27 wolves
  16 centaurs
  2 phantoms
  3 kobold brigands
  11 bullfrogs
  A gnoll sergeant (D:6)
  A scorpion (D:5)
  A jelly (D:4)
  6 killer bees
  9 wights
  3 electric eels (Lair:2)
  3 howler monkeys
  9 centaur zombies
  22 orc priests
  A gnoll shaman (D:5)
  3 hounds
  2 bullfrog skeletons (D:3)
  2 iguanas
  A scorpion zombie (D:4)
  30 orc wizards
  2 lightning spires (Gauntlet)
  A killer bee zombie (D:7)
  A hound zombie (D:5)
  A howler monkey zombie (D:9)
  12 gnolls
  9 adders
  3 shadow imps (D:7)
  5 white imps
  2 ufetubi
  2 worms (D:2)
  2 dart slugs
  63 orcs
  8 endoplasms
  3 giant cockroaches
  9 goblins
  6 hobgoblins
  2 jackals (D:1)
  19 kobolds
  2 quokkas
  8 ball pythons
  6 bats
  4 frilled lizards
  6 rats
721 creatures vanquished.

Vanquished Creatures (others)
  An orc priest (Orc:1)
  20 foxfires (Swamp:2)
  32 fulminant prisms
  57 fungi
  125 plants
235 creatures vanquished.

Grand Total: 956 creatures vanquished

Notes
Turn   | Place    | Note
-------+----------+-------------------------------------------
     0 | D:1      | octoduck the Gargoyle Ice Elementalist began the quest for
                  | the Orb.
     0 | D:1      | Reached XP level 1. HP: 10/10 MP: 3/3
   269 | D:1      | Reached XP level 2. HP: 15/15 MP: 3/5
   434 | D:1      | Found a faded altar of an unknown god.
  1002 | D:1      | Reached XP level 3. HP: 19/19 MP: 3/6
  1246 | D:1      | Learned a level 3 spell: Frozen Ramparts
  1266 | D:2      | Reached skill level 5 in Ice Magic
  2221 | D:2      | Reached XP level 4. HP: 18/24 MP: 3/7
  2378 | D:2      | Reached XP level 5. HP: 28/28 MP: 5/8
  2615 | D:2      | Learned a level 3 spell: Ozocubu's Armour
  2688 | D:3      | Noticed a water moccasin
  2936 | D:4      | Noticed a phantom
  3175 | D:4      | Found a white marble altar of Elyvilon.
  3274 | D:4      | Reached XP level 6. HP: 32/32 MP: 5/9
  3337 | D:4      | Found a shadowy altar of Dithmenos.
  3339 | D:4      | Noticed a black bear
  3346 | D:4      | Noticed a wyvern
  3346 | D:4      | a black bear changed into a wyvern
  3357 | D:4      | HP: 1/32 [wyvern (13)]
  3360 | D:4      | Killed a wyvern
  3630 | D:4      | Reached XP level 7. HP: 25/36 MP: 1/10
  3811 | D:3      | Found Furghauro's Book Boutique.
  4530 | D:3      | Found a basalt altar of Yredelemnul.
  4566 | D:3      | Identified a scroll of acquirement
  4569 | D:3      | Acquired 1149 gold pieces
  4847 | D:5      | Entered Level 5 of the Dungeon
  4940 | D:5      | Reached XP level 8. HP: 31/41 MP: 11/11
  5551 | D:5      | Found an iron altar of Okawaru.
  5556 | D:5      | Reached skill level 10 in Ice Magic
  6830 | D:6      | Reached XP level 9. HP: 45/45 MP: 8/12
  6908 | D:6      | Learned a level 4 spell: Hailstorm
  7213 | D:7      | Reached skill level 1 in Conjurations
  7215 | D:7      | Reached skill level 1 in Fighting
  7618 | D:7      | Found a shimmering altar of Xom.
  7745 | D:7      | Found a staircase to the Ecumenical Temple.
  7751 | Temple   | Entered the Ecumenical Temple
  7776 | Temple   | Became a worshipper of Sif Muna the Loreminder
  7970 | D:7      | Found a glowing golden altar of the Shining One.
  7970 | D:7      | Found a hazy altar of Hepliaklqana.
  8011 | D:7      | Reached skill level 2 in Fighting
  8119 | D:7      | Found a blossoming altar of Fedhas.
  8500 | D:8      | Noticed Joseph
  8944 | D:8      | Found Sucharch's Antique Weapon Shoppe.
  8952 | D:8      | Bought a twisted mace for 192 gold pieces
  8952 | D:8      | Identified the +8 mace "Vimebree" {vorpal, *Noise rF+
                  | Dex+2} (You bought it in a shop on level 8 of the Dungeon)
  8984 | D:8      | Noticed a two-headed ogre
  8992 | D:8      | Killed a two-headed ogre
  8993 | D:8      | Reached skill level 4 in Fighting
  8993 | D:8      | Reached skill level 5 in Conjurations
  9267 | D:8      | Reached XP level 10. HP: 41/58 MP: 7/13
  9651 | D:9      | Reached skill level 5 in Fighting
  9704 | D:9      | Found Bira's Armour Boutique.
  9711 | D:9      | Bought a +2 robe of willpower for 247 gold pieces
  9888 | D:9      | Noticed a two-headed ogre
  9897 | D:9      | Killed a two-headed ogre
 10063 | D:9      | Reached skill level 6 in Fighting
 10658 | D:9      | Noticed a gargoyle
 11091 | D:9      | Identified the ring "Hodees" {Fly Dex+2 SInv}
 11104 | D:9      | Reached skill level 7 in Fighting
 11288 | D:9      | Reached * piety under Sif Muna
 11452 | D:9      | Killed a gargoyle
 11533 | D:9      | Noticed a brown ugly thing
 11544 | D:9      | Killed a brown ugly thing
 11545 | D:9      | Reached XP level 11. HP: 54/68 MP: 2/14
 12076 | D:10     | Entered Level 10 of the Dungeon
 12181 | D:10     | Reached skill level 8 in Fighting
 13024 | D:10     | Found Musim's Book Boutique.
 13305 | D:11     | Reached skill level 9 in Fighting
 13323 | D:11     | Noticed a cyclops
 13719 | D:11     | Noticed a deep elf pyromancer
 13733 | D:11     | Killed a deep elf pyromancer
 13775 | D:11     | Learned a level 2 spell: Searing Ray
 13955 | D:11     | Noticed a death yak
 13955 | D:11     | Noticed a death yak
 13987 | D:11     | Killed a death yak
 13987 | D:11     | Reached ** piety under Sif Muna
 14093 | D:11     | Reached skill level 10 in Conjurations
 14178 | D:11     | Killed a cyclops
 14351 | D:11     | Noticed a boulder beetle
 14361 | D:11     | Killed a boulder beetle
 14362 | D:11     | Reached skill level 10 in Fighting
 14573 | D:11     | Noticed a death yak
 14779 | D:11     | Found a staircase to the Lair.
 14882 | D:11     | Reached XP level 12. HP: 60/77 MP: 1/15
 14882 | D:11     | Killed a death yak
 14883 | D:11     | Killed a death yak
 15121 | Lair:1   | Entered Level 1 of the Lair of Beasts
 15353 | Lair:1   | Reached skill level 11 in Fighting
 15364 | Lair:1   | Noticed a seven-headed hydra
 15376 | Lair:1   | Killed a seven-headed hydra
 15806 | D:9      | Bought a +3 scale mail of fire resistance for 364 gold
                  | pieces
 16119 | Lair:1   | Reached skill level 1 in Armour
 16119 | Lair:1   | Reached *** piety under Sif Muna
 16995 | Lair:2   | Found a staircase to the Snake Pit.
 17225 | Lair:2   | Found a gate leading to a gauntlet.
 17283 | Lair:2   | Reached skill level 12 in Fighting
 17283 | Lair:2   | Reached skill level 5 in Armour
 17283 | Lair:2   | Reached XP level 13. HP: 51/86 MP: 1/16
 17361 | Gauntlet | Entered a Gauntlet
 17361 | Gauntlet | Found a transporter.
 17361 | Gauntlet | Found a transporter.
 17527 | Gauntlet | Found a transporter.
 17529 | Gauntlet | Found a transporter.
 17564 | Gauntlet | Found a transporter.
 17578 | Gauntlet | Found a transporter.
 17589 | Gauntlet | Noticed a blizzard demon
 17591 | Gauntlet | Found a transporter.
 17628 | Gauntlet | Found a transporter.
 17628 | Gauntlet | Found a transporter.
 17629 | Gauntlet | Found a transporter.
 17694 | Gauntlet | Found a transporter.
 17698 | Gauntlet | Found a transporter.
 18043 | Gauntlet | Identified the ring "Edghoumio" {EV+4 Str+4 Int+2 Stlth+}
 18307 | Gauntlet | Identified the +5 quarterstaff of the Original Sin {flame,
                  | +Rage Will++ Dex+5}
 18307 | Gauntlet | Noticed a minotaur
 18325 | Gauntlet | Killed a minotaur
 18555 | Gauntlet | Identified the +3 scimitar of the Living Dead {vorpal,
                  | rPois rN+ rCorr}
 18556 | Gauntlet | Got the Almanac of Sinister Cold
 19172 | Lair:2   | Identified the +0 chain mail of Fedhas's Approval {-Cast
                  | Rampage Drain rN+++}
 20359 | Lair:2   | Found a staircase to the Swamp.
 20361 | Lair:2   | Reached **** piety under Sif Muna
 21063 | Lair:3   | Acquired a staff of conjuration
 21708 | Lair:3   | Learned a level 4 spell: Fulminant Prism
 21929 | Lair:4   | Reached skill level 1 in Hexes
 22298 | Lair:4   | Reached skill level 13 in Fighting
 23540 | Lair:5   | Gained mutation: Your large and strong wings let you fly.
                  | [Gargoyle growth]
 23540 | Lair:5   | Reached XP level 14. HP: 89/94 MP: 17/17
 23807 | Lair:5   | Found a dark tunnel.
 23813 | Volcano  | Entered a volcano
 24739 | Lair:5   | Upgraded the game from 0.28-a0-312-gbced6e68ee to
                  | 0.28-a0-313-gbc0475efdd
 25696 | Lair:6   | Entered Level 6 of the Lair of Beasts
 25950 | Lair:6   | Noticed Urug
 25959 | Lair:6   | Reached skill level 5 in Hexes
 25964 | Lair:6   | Killed Urug
 27866 | Lair:6   | Found a viscous altar of Jiyva.
 27867 | Lair:6   | Found a staircase to the Slime Pits.
 27946 | Lair:6   | Reached skill level 5 in Dodging
 28213 | Lair:6   | Reached XP level 15. HP: 91/100 MP: 9/18
 28752 | Lair:6   | Reached skill level 14 in Fighting
 28990 | Lair:6   | Reached ***** piety under Sif Muna
 29244 | Lair:6   | Received a gift from Sif Muna
 29245 | Lair:6   | Got Sif Muna's Collected Works on Arcane Weapons {god gift}
 30192 | D:8      | Killed Joseph
 30393 | D:12     | Found a staircase to the Orcish Mines.
 30580 | D:12     | Found a portal to a secret trove of treasure.
 30959 | D:13     | Found Haprios's Jewellery Emporium.
 30964 | D:13     | Got the Incunabulum of Shape Shifting
 31490 | D:13     | Learned a level 5 spell: Iskenderun's Battlesphere
 31521 | D:13     | Found a gate to the Vaults.
 31817 | D:13     | Reached skill level 1 in Invocations
 32962 | D:13     | Upgraded the game from 0.28-a0-313-gbc0475efdd to
                  | 0.28-a0-381-g937acc2988
 33204 | D:14     | Noticed Louise
 33222 | D:13     | Reached skill level 1 in Shields
 33769 | Orc:1    | Entered Level 1 of the Orcish Mines
 33778 | Orc:1    | Received a gift from Sif Muna
 33779 | Orc:1    | Got Sif Muna's Almanac of the Twisted Compass {god gift}
 34068 | Orc:2    | Entered Level 2 of the Orcish Mines
 34694 | Orc:2    | Found a staircase to the Elven Halls.
 35962 | Orc:1    | Noticed an orc warlord
 36450 | Orc:1    | Killed an orc warlord
 36615 | Orc:1    | Reached XP level 16. HP: 107/107 MP: 7/22
 36755 | Orc:1    | Reached skill level 5 in Invocations
 36821 | Orc:1    | Paralysed by an orc sorcerer for 5 turns
 36942 | Orc:1    | Received a gift from Sif Muna
 36957 | Orc:1    | Got Sif Muna's Guide on Flight and Summoning {god gift}
 38364 | Orc:2    | Reached skill level 5 in Shields
 38431 | Orc:2    | Gained mutation: Your body sometimes deteriorates upon
                  | taking damage. [a neqoxec]
 38446 | Orc:2    | Gained mutation: You sometimes lose the ability to read
                  | scrolls when taking damage. [a neqoxec]
 38673 | Orc:2    | Reached skill level 15 in Fighting
 38673 | Orc:2    | Paralysed by an orc sorcerer for 6 turns
 38878 | Orc:2    | Found Ushenoc's Book Boutique.
 38878 | Orc:2    | Found Suraatis's Antique Weapon Shoppe.
 38880 | Orc:2    | Found Xoxtim's Jewellery Boutique.
 38880 | Orc:2    | Found Okimege's Armour Shoppe.
 39037 | Swamp:1  | Entered Level 1 of the Swamp
 40303 | Swamp:1  | Received a gift from Sif Muna
 40304 | Swamp:1  | Got Sif Muna's Incunabulum of the Volcanoes {god gift}
 40779 | Swamp:1  | Found a large runed translucent door.
 40779 | Swamp:1  | Found a large runed translucent door.
 40782 | Swamp:1  | Noticed Timpunn's ghost (journeyman PaAE)
 41193 | Swamp:1  | Killed Timpunn's ghost
 41703 | Swamp:2  | Reached skill level 5 in Spellcasting
 42256 | Lair:2   | HP: 8/162 [seven-headed hydra[a spriggan druid] (18)]
 42257 | Lair:2   | Mangled by a seven-headed hydra

Illustrated notes

Levels and vault maps discovered:
D:1:      matt_arrival_los_fun, layout_basic, serial_rivers,
          chequers_serial_rivers_room_b, chequers_serial_rivers_small_b,
          chequers_serial_rivers_room_b, chequers_serial_rivers_micro_a,
          chequers_serial_rivers_room_a, chequers_serial_rivers_marsh,
          dreamdust_ecumenical_altar_statues
D:2:      minmay_general_purpose_star, layout_basic, hex_intersection
D:3:      layout_rooms, lemuel_coloured_pillars_altar, serial_shops, shop,
          grunt_ministairs_3, minivault_14
D:4:      layout_basic, grunt_dithmenos_smoke, elyvilon_altar_1,
          lightli_ossuary_entry_decrepit_ruins
D:5:      layout_basic, okawaru_altar_gauntlet_db, minmay_strange_pillars
D:6:      layout_basic
D:7:      layout_loops_ring, kennysheep_mini, grunt_temple_overflow_diamond,
          minmay_temple_entry_trees, chequers_serial_rivers_marsh
D:8:      layout_gridville, serial_shops, nicolae_square_shop, uniq_joseph
D:9:      cheibrodos_ideogram_h, layout_layer_cave, serial_shops,
          nicolae_diamond_shop, serial_rivers, chequers_serial_rivers_micro_d,
          chequers_serial_rivers_micro_d, chequers_serial_rivers_micro_d,
          chequers_serial_rivers_micro_a, kennysheep_generic_room_15
D:10:     layout_basic, serial_shops, kennysheep_mini_moat
D:11:     layout_basic, dpeg_lair_monsters
D:12:     layout_cave_pools, enter_trove_3, kennysheep_generic_room_8
D:13:     layout_roguey, grunt_vaults_entry_tiered, serial_shops, shop,
          fake_guardian_serpent_vault
D:14:     layout_small_grid, hangedman_decor_riveting, evilmike_butchery,
          uniq_louise
Temple:   jpeg_temple_clearing
Lair:1:   layout_loops_ring, serial_forest, infiniplex_forest_lined_3_way,
          infiniplex_forest_corner_1, infiniplex_forest_lined_2,
          infiniplex_forest_clump_tiny, infiniplex_forest_end_3,
          infiniplex_forest_clump_small, infiniplex_forest_lined_2,
          infiniplex_forest_clump_cross
Lair:2:   nzn_winding_woodlands_large [nzn_winding_woodlands_5x5_open_star,
          nzn_winding_woodlands_5x15_default, nzn_winding_woodlands_5x5_cross,
          nzn_winding_woodlands_center_lodge,
          nzn_winding_woodlands_15x15_eel_pit,
          nzn_winding_woodlands_center_diamonds,
          nzn_winding_woodlands_5x5_default, nzn_winding_woodlands_5x15_default,
          nzn_winding_woodlands_5x5_checkerboard], layout_chaotic_city,
          nicolae_swamp_entry_splash_gauntlet,
          minmay_snake_entry_guardpost_large, gauntlet_entry_generic,
          st_stairs_7
Lair:3:   layout_big_grid, serial_bayou_pond_d, chequers_serial_rivers_micro_a
Lair:4:   layout_cave_pods
Lair:5:   nzn_motion_control, layout_regular_city, nicolae_volcano_entry_s_turn,
          infiniplex_staircase_pool_2
Lair:6:   minmay_lair_end_enchanted_forest, layout_layer_cave, slime_altar_1,
          minivault_19, lemuel_fruit_fields, uniq_urug
Swamp:1:  nicolae_swamp_tree_isthmus, layout_falls_marsh,
          ebering_ghost_disaster_area, nicolae_swamp_very_dense_foliage
Swamp:2:  cheibrodos_swamp_monstrosity, layout_basic_swamp,
          evilmike_swamp_ruin_house_2, beargit_kiku_chapel
Orc:1:    orc_temple, layout_diamond_mine, kennysheep_orc_chapel
Orc:2:    grunt_orc_tribal_feast, layout_caves, basic_altar

Skill      XL: |  1  2  3  4  5  6  7  8  9 10 11 12 13 14 15 16 |
---------------+-------------------------------------------------+-----
Ice Magic      | 5 6 7 8 9 11 12 13 14 | 14.8
Conjurations   | 5 8 10 11 12 13 | 13.7
Fighting       | 4 7 10 12 13 14 15 | 15.4
Armour         | 5 8 |  8.3
Dodging        | 3 5 6 |  6.3
Hexes          | 2 7 |  7.5
Spellcasting   | 4 5 |  5.8
Invocations    | 4 7 |  7.4
Shields        | 4 6 |  6.1
Stealth        | |  2.1

Action                   |  1- 3 |  4- 6 |  7- 9 | 10-12 | 13-15 | 16-18 || total
-------------------------+-------+-------+-------+-------+-------+-------++-------
Melee: Unarmed           |     1 |       |       |       |       |       ||     1
       Whip              |    17 |    30 |   223 |   364 |   838 |   147 ||  1619
 Cast: Freeze            |    53 |    34 |     7 |     6 |    31 |       ||   131
       Frozen Ramparts   |       |     1 |    19 |    39 |   100 |     8 ||   167
       Ozocubu's Armour  |       |     1 |    15 |    40 |   112 |    24 ||   192
       Hailstorm         |       |       |     1 |    22 |    46 |     3 ||    72
       Searing Ray       |       |       |       |     2 |    61 |    73 ||   136
       Fulminant Prism   |       |       |       |       |     9 |    23 ||    32
       Iskenderun's Batt |       |       |       |       |    18 |    41 ||    59
Invok: Channel Magic     |       |       |       |       |       |     3 ||     3
Evoke: Wand              |       |     2 |     2 |     4 |     2 |     4 ||    14
  Use: Scroll            |     3 |     2 |    13 |     8 |    10 |       ||    36
       Potion            |       |     2 |     1 |     1 |     2 |     6 ||    12
 Stab: Sleeping          |     1 |     1 |     7 |     1 |       |       ||    10
       Distracted        |       |     1 |       |       |       |       ||     1
       Invisible         |       |       |       |       |     4 |       ||     4
Armor: Robe              |    20 |    21 |   107 |   241 |       |       ||   389
       Scale mail        |       |       |       |    44 |   810 |   179 ||  1033
       Skin              |       |       |       |       |       |    36 ||    36
Dodge: Dodged            |    29 |    29 |   144 |   324 |   988 |   177 ||  1691
Block: Buckler           |       |       |       |       |    38 |    69 ||   107

Table legend: (Time is in decaauts)
 A = Elapsed time spent in this place.
 B = Non-inter-level travel time spent in this place.
 C = Inter-level travel time spent in this place.
 D = Time resting spent in this place.
 E = Time spent auto-exploring this place.
 F = Levels seen in this place.
 G = Mean time per level.
                   A        B        C        D        E       F      G
               +--------+--------+--------+--------+--------+-----+--------+
         Total |  42591 |  40248 |   2343 |  18263 |  12523 |  27 | 1577.4 |
       Dungeon |  19174 |  17979 |   1195 |   6808 |   7135 |  14 | 1369.6 |
        Temple |     46 |     26 |     20 |      0 |     13 |   1 |   46.0 |
          Lair |  13053 |  12277 |    776 |   5551 |   3801 |   6 | 2175.5 |
         Swamp |   3100 |   3064 |     36 |   1959 |    563 |   2 | 1550.0 |
  Orcish Mines |   5202 |   4886 |    316 |   2763 |    920 |   2 | 2601.0 |
       Volcano |    811 |    811 |      0 |    439 |     91 |   1 |  811.0 |
      Gauntlet |   1203 |   1203 |      0 |    743 |      0 |   1 | 1203.0 |
               +--------+--------+--------+--------+--------+-----+--------+

Top non-repeatable levels by time:
  Lair:6: 4151 daAuts
     D:9: 2893 daAuts
    D:13: 2828 daAuts
 Swamp:1: 2800 daAuts
   Orc:2: 2706 daAuts
   Orc:1: 2496 daAuts
  Lair:2: 2340 daAuts
    D:11: 2185 daAuts
  Lair:1: 1931 daAuts
  Lair:5: 1673 daAuts
  Lair:4: 1604 daAuts
     D:8: 1455 daAuts
     D:2: 1400 daAuts
  Lair:3: 1352 daAuts
     D:1: 1271 daAuts
